 Dungeon Crawl Stone Soup version 0.30-a0-728-gc68057be0a (webtiles) character file.

Game seed: 4559963662903994335

15132 Crownlay the Frost Mage (level 12, -14/91 HPs)
             Began as a Gnoll Ice Elementalist on Jan 31, 2023.
             Was a Priest of Uskayaw.
             Demolished by Harold
             ... wielding a +2 heavy halberd
              (19 damage)
             ... on level 11 of the Dungeon.
             The game lasted 00:27:26 (13128 turns).

Crownlay the Frost Mage (Gnoll Ice Elementalist)   Turns: 13128, Time: 00:27:27

Health: -14/91     AC: 19    Str:  9    XL:     12   Next: 23%
Magic:  18/25      EV: 15    Int: 18    God:    Uskayaw [***...]
Gold:   594        SH:  0    Dex: 13    Spells: 19/29 levels left

rFire   . . .      SeeInvis .    E - +3 halberd (vamp)
rCold   . . .      Faith    +    (shield currently unavailable)
rNeg    . . .      Spirit   .    O - +0 steam dragon scales
rPois   .          Reflect  .    p - +2 hat
rElec   .          Harm     .    u - +0 cloak
rCorr   +          Rampage  .    (no gloves)
Will    +....                    n - +0 pair of boots
Stlth   ++++                     Q - amulet of faith
HPRegen 0.35/turn                q - +4 ring of slaying
MPRegen 0.19/turn                V - ring "Teptaoff" {Will+ rCorr}

@: ice-armoured, marked, freezing walls
A: fangs 1, strong nose, distributed training
a: Renounce Religion, Stomp, Line Pass


You were on level 11 of the Dungeon.
You worshipped Uskayaw.
Uskayaw was aware of your devotion.
You visited 2 branches of the dungeon, and saw 12 of its levels.
You also visited: Sewer, Ossuary and Bailey.

You collected 646 gold pieces.
You spent 52 gold pieces at shops.

Inventory:

Hand Weapons
 x - a +7 dagger of venom
 E - a +3 vampiric halberd (weapon)
 T - the +0 staff of Battle
   (You found it on level 8 of the Dungeon)

   It enhances your conjuration magic.
   It summons a battlesphere in combat, with strength depending on Conjurations
   skill.
   Its strikes trigger the battlesphere's blasts.
Armour
 n - a +0 pair of boots (worn)
 p - a +2 hat (worn)
 u - a +0 cloak (worn)
 O - +0 steam dragon scales (worn)
 X - +0 ice dragon scales
Magical Staves
 o - a staff of air
Jewellery
 q - a +4 ring of slaying (left hand)
 y - a ring of flight
 Q - an amulet of faith (around neck)
 V - the ring "Teptaoff" (right hand) {Will+ rCorr}
   (You found it in a bailey)

   [ring of willpower]

   rCorr:     It protects you from acid and corrosion.
   Will:      It increases your willpower.
 W - a ring of see invisible
Wands
 r - a wand of quicksilver (14)
 s - a wand of flame (31)
 R - a wand of paralysis (22)
 Z - a wand of iceblast (2)
Scrolls
 a - a scroll of silence {unknown}
 e - 10 scrolls of teleportation
 h - 3 scrolls of fog
 j - 3 scrolls of poison
 l - 6 scrolls of immolation
 m - 3 scrolls of enchant armour
 v - a scroll of acquirement {unknown}
 w - 2 scrolls of blinking
 D - a scroll of noise {unknown}
 F - a scroll of magic mapping
 K - a scroll of brand weapon {unknown}
 L - 2 scrolls of torment {unknown}
 P - 2 scrolls of fear
 U - a scroll of amnesia {unknown}
 Y - a scroll of butterflies {unknown}
Potions
 b - a potion of magic
 c - 8 potions of curing
 d - 3 potions of flight {unknown}
 f - 7 potions of haste
 g - 2 potions of lignification {unknown}
 i - 7 potions of heal wounds
 t - 4 potions of attraction {unknown}
 z - a potion of brilliance
 A - 2 potions of resistance {unknown}
 B - 4 potions of might
 C - 2 potions of berserk rage {unknown}
 G - a potion of cancellation {unknown}
 H - a potion of invisibility {unknown}
 I - a potion of experience {unknown}
 J - 4 potions of mutation {unknown}
 M - 2 potions of degeneration {unknown}


   Skills:
 + Level 7.3 Fighting
 + Level 7.3 Short Blades
 + Level 7.3 Long Blades
 + Level 7.3 Axes
 + Level 7.3 Maces & Flails
 + Level 7.3 Polearms
 + Level 7.3 Staves
 + Level 7.3 Ranged Weapons
 + Level 7.3 Throwing
 + Level 7.3 Armour
 + Level 8.7 Dodging
 + Level 8.5 Stealth
 + Level 7.3 Shields
 + Level 7.3 Unarmed Combat
 + Level 9.0 Spellcasting
 + Level 6.1 Conjurations
 + Level 6.1 Hexes
 + Level 6.1 Summonings
 + Level 6.1 Necromancy
 + Level 6.1 Translocations
 + Level 6.1 Transmutations
 + Level 6.1 Fire Magic
 + Level 9.5 Ice Magic
 + Level 6.1 Air Magic
 + Level 6.1 Earth Magic
 + Level 6.1 Poison Magic
 + Level 8.1 Invocations
 + Level 7.3 Evocations


You had 19 spell levels left.
You knew the following spells:

 Your Spells              Type           Power      Damage    Failure   Level
a - Freeze                Ice            100%       1d10      1%          1
b - Frozen Ramparts       Ice            84%        1d13      1%          3
c - Ozocubu's Armour      Ice            42%        N/A       1%          3
d - Dazzling Flash        Conj/Hex       60%        N/A       2%          3

Your spell library contained the following spells:

 Spells                   Type           Power      Damage    Failure   Level
 Shock                    Conj/Air       100%       1d9       1%          1
 Swiftness                Air            30%        N/A       2%          3
 Ice Form                 Ice/Tmut       36%        N/A       3%          4
 Summon Ice Beast         Ice/Summ       36%        N/A       3%          4
 Airstrike                Air            15%        2d(3-19)  7%          4
 Agony                    Necr           30%        N/A       21%         5
 Silence                  Hex/Air        15%        N/A       21%         5
 Summon Forest            Summ/Tloc      15%        N/A       21%         5
 Summon Mana Viper        Hex/Summ       30%        N/A       21%         5
 Summon Cactus Giant      Summ           15%        N/A       73%         6


Dungeon Overview and Level Annotations

Branches:
Dungeon (11/15)            Temple (1/1) D:7             Orc (0/2) D:10
  Sewer (visited)         Ossuary (visited)          Bailey (visited)
   Lair: D:8-11

Altars:
Ashenzari
Cheibriados
Elyvilon
Fedhas
Gozag
Hepliaklqana
Sif Muna
Uskayaw
Zin
The Shining One

Shops:
D:10 *

Portals:
Trove: D:10 (give 2 scrolls of acquirement)

Annotations:
D:11 Harold


Innate Abilities, Weirdness & Mutations

You have very sharp teeth.
Your uncanny sense of smell can sniff out nearby items.
Your experience applies equally to all skills.


Message History

Okay, then.
Casting: Frozen Ramparts (safe; 1% risk of failure)
Confirm with . or Enter, or press ? or * to list all spells.
Casting: Dazzling Flash (mildly dangerous; 2% risk of failure)
Press: ? - help, Dir - look around, f - activate Harold is dazzled.
The wall freezes the gargoyle but does no damage.
The gargoyle hits you but does no damage.
Harold resists.
The wall freezes Harold.
Harold closely misses you.
You are too injured to fight recklessly!
You hit the gargoyle but do no damage. You bite the gargoyle.
The gargoyle is moderately damaged.
The wall freezes the gargoyle but does no damage.
The gargoyle hurls a stone arrow at you.
The stone arrow hits you!
You hit the gargoyle.
The gargoyle is moderately damaged.
Harold is no longer blind.
Harold resists.
The wall freezes Harold.
Harold hits you from afar with a +2 heavy halberd!!
* * * LOW HITPOINT WARNING * * *
The wall freezes the gargoyle but does no damage.
The gargoyle misses you.
Uskayaw will force your foes to helplessly watch your dance.
Uskayaw prepares the audience for your solo!
The helpless gargoyle fails to defend itself.
You hit the gargoyle but do no damage.
The gargoyle is moderately damaged.
The wall freezes the gargoyle.
Harold resists.
The wall freezes Harold.
The helpless gargoyle fails to defend itself.
You hit the gargoyle but do no damage.
You bite the gargoyle, but do no damage.
The gargoyle is heavily damaged.
Harold is no longer paralysed.
The gargoyle is no longer paralysed.
The wall freezes the gargoyle but does no damage.
The gargoyle hits you with a +0 mace!
* * * LOW HITPOINT WARNING * * *
The wall freezes Harold but does no damage.
Harold says happily, "The price on your head will fill my nest egg nicely!"
Harold hits you from afar with a +2 heavy halberd!!
You die...

# #. #+## ######.####
#.###.##..####.....###
.....................#
.....................#
#....9...............#
#......$.............#
.....@.....@.....>...#
#..##....###9>########
#..##....###@.###### #
.........#........# )#
........#........#
...........#........#
#..###..########'###
#..###..###..###.##
#+###........)........#
#..+.........#........#
+.)##..###..###########


You could see Harold (empowered) and a gargoyle.

Vanquished Creatures
  3 two-headed ogres
  Amaemon (D:8)
  Pikel (D:8)
  Maurice (D:8)
  An orange demon (D:8)
  2 gargoyles
  A tengu conjurer (D:8)
  4 trolls
  A hornet (D:9)
  Prince Ribbit (D:8)
  A centaur simulacrum (D:11)
  A vampire (Bailey)
  A shadow (D:9)
  A wyvern (D:9)
  19 yaks
  Grum (D:8)
  A steam dragon (D:7)
  4 wargs (D:10)
  2 water moccasins
  2 sky beasts
  8 orc warriors
  2 black bears
  4 wolves (D:8)
  2 ogres (D:5)
  3 centaurs
  3 lemures (D:8)
  2 phantoms (D:5)
  5 kobold brigands
  A gnoll sergeant (D:6)
  A necrophage (D:5)
  5 bullfrogs
  4 water moccasin zombies
  A scorpion (D:6)
  3 wights (D:8)
  7 killer bees
  7 vampire bats (Bailey)
  8 wolf zombies (Bailey)
  An electric eel (D:10)
  4 howler monkeys
  7 orc priests
  A hound (D:6)
  Crazy Yiuf (D:4)
  2 jellies
  4 iguanas
  11 orc wizards
  2 mummies (Ossuary)
  12 gnolls
  7 adders
  A shadow imp (D:8)
  A white imp (D:6)
  4 adder zombies (Ossuary)
  8 worms
  A dart slug (D:3)
  45 orcs
  10 ball pythons
  8 endoplasms
  5 giant cockroaches
  6 gnoll zombies (Ossuary)
  4 hobgoblins
  7 jackals
  3 quokkas
  8 bats
  5 frilled lizards
  13 goblins
  5 hobgoblin zombies (Ossuary)
  26 kobolds
  7 kobold zombies (Ossuary)
  24 orc zombies
  9 rats
367 creatures vanquished.

Vanquished Creatures (others)
  An endoplasm (D:2)
  A frilled lizard (D:2)
  12 plants
14 creatures vanquished.

Grand Total: 381 creatures vanquished

Notes
Turn   | Place    | Note
-------+----------+-------------------------------------------
     0 | D:1      | Crownlay the Gnoll Ice Elementalist began the quest for the
                  | Orb.
     0 | D:1      | Reached XP level 1. HP: 13/13 MP: 6/6
   119 | D:1      | Reached XP level 2. HP: 19/19 MP: 5/7
   549 | D:1      | Reached skill level 5 in Spellcasting
   549 | D:1      | Reached XP level 3. HP: 25/25 MP: 6/9
   557 | D:1      | Learned a level 3 spell: Frozen Ramparts
   561 | D:1      | Learned a level 3 spell: Ozocubu's Armour
  1066 | D:2      | Reached skill level 1 in Invocations
  1211 | D:2      | Reached skill level 1 in Fighting
  1211 | D:2      | Reached skill level 1 in Short Blades
  1211 | D:2      | Reached skill level 1 in Long Blades
  1211 | D:2      | Reached skill level 1 in Axes
  1211 | D:2      | Reached skill level 1 in Maces & Flails
  1211 | D:2      | Reached skill level 1 in Polearms
  1211 | D:2      | Reached skill level 1 in Staves
  1211 | D:2      | Reached skill level 1 in Ranged Weapons
  1211 | D:2      | Reached skill level 1 in Throwing
  1211 | D:2      | Reached skill level 1 in Armour
  1211 | D:2      | Reached skill level 1 in Shields
  1211 | D:2      | Reached skill level 1 in Unarmed Combat
  1211 | D:2      | Reached skill level 1 in Evocations
  1294 | D:2      | Reached XP level 4. HP: 16/32 MP: 3/11
  1666 | D:2      | Reached skill level 1 in Conjurations
  1666 | D:2      | Reached skill level 1 in Hexes
  1666 | D:2      | Reached skill level 1 in Summonings
  1666 | D:2      | Reached skill level 1 in Necromancy
  1666 | D:2      | Reached skill level 1 in Translocations
  1666 | D:2      | Reached skill level 1 in Transmutations
  1666 | D:2      | Reached skill level 1 in Fire Magic
  1666 | D:2      | Reached skill level 1 in Air Magic
  1666 | D:2      | Reached skill level 1 in Earth Magic
  1666 | D:2      | Reached skill level 1 in Poison Magic
  1985 | D:2      | Learned a level 3 spell: Dazzling Flash
  2606 | D:3      | Reached XP level 5. HP: 37/37 MP: 12/12
  3546 | D:4      | Found a runed translucent door.
  3547 | D:4      | Noticed Crazy Yiuf
  4023 | D:4      | Reached XP level 6. HP: 40/44 MP: 6/13
  4218 | D:4      | Reached skill level 5 in Dodging
  4580 | D:4      | Killed Crazy Yiuf
  4704 | D:5      | Entered Level 5 of the Dungeon
  4918 | D:5      | HP: 1/44 [ogre/+0 giant club (26)]
  4931 | D:5      | Reached XP level 7. HP: 38/51 MP: 2/15
  5213 | D:5      | Reached skill level 5 in Stealth
  5323 | D:5      | Found a broken altar of Ashenzari.
  5492 | D:5      | Noticed a vampire mosquito
  5586 | D:5      | Reached XP level 8. HP: 30/58 MP: 10/16
  6291 | D:6      | Found a sand-covered staircase.
  6297 | Ossuary  | Entered an ossuary
  6831 | D:6      | Reached XP level 9. HP: 64/65 MP: 7/18
  6839 | D:6      | Found a glowing drain.
  6858 | Sewer    | Entered a sewer
  8139 | D:7      | Reached skill level 5 in Invocations
  8515 | D:7      | Found a staircase to the Ecumenical Temple.
  8524 | Temple   | Entered the Ecumenical Temple
  8532 | Temple   | Became a worshipper of Uskayaw the Reveller
  8758 | D:8      | Noticed Pikel
  8761 | D:8      | Reached * piety under Uskayaw
  8765 | D:8      | Reached ** piety under Uskayaw
  8767 | D:8      | Reached *** piety under Uskayaw
  8769 | D:8      | Reached **** piety under Uskayaw
  8771 | D:8      | Reached ***** piety under Uskayaw
  8773 | D:8      | Killed Pikel
  8889 | D:8      | Reached skill level 5 in Fighting
  8889 | D:8      | Reached skill level 5 in Short Blades
  8889 | D:8      | Reached skill level 5 in Long Blades
  8889 | D:8      | Reached skill level 5 in Axes
  8889 | D:8      | Reached skill level 5 in Maces & Flails
  8889 | D:8      | Reached skill level 5 in Polearms
  8889 | D:8      | Reached skill level 5 in Staves
  8889 | D:8      | Reached skill level 5 in Ranged Weapons
  8889 | D:8      | Reached skill level 5 in Throwing
  8889 | D:8      | Reached skill level 5 in Armour
  8889 | D:8      | Reached skill level 5 in Shields
  8889 | D:8      | Reached skill level 5 in Unarmed Combat
  8889 | D:8      | Reached skill level 5 in Evocations
  8889 | D:8      | Reached XP level 10. HP: 74/74 MP: 13/20
  8938 | D:8      | Noticed Prince Ribbit
  8944 | D:8      | Noticed Grum
  8945 | D:8      | Noticed Amaemon
  8946 | D:8      | Noticed an orange demon
  8954 | D:8      | Killed Prince Ribbit
  8954 | D:8      | Killed Amaemon
  8956 | D:8      | Killed Grum
  9144 | D:8      | Killed an orange demon
  9598 | D:8      | Noticed Maurice
  9607 | D:8      | Killed Maurice
  9744 | D:8      | Found a hazy altar of Hepliaklqana.
 10234 | D:8      | Found the +0 staff of Battle
 10496 | D:9      | Reached skill level 5 in Conjurations
 10496 | D:9      | Reached skill level 5 in Hexes
 10496 | D:9      | Reached skill level 5 in Summonings
 10496 | D:9      | Reached skill level 5 in Necromancy
 10496 | D:9      | Reached skill level 5 in Translocations
 10496 | D:9      | Reached skill level 5 in Transmutations
 10496 | D:9      | Reached skill level 5 in Fire Magic
 10496 | D:9      | Reached skill level 5 in Air Magic
 10496 | D:9      | Reached skill level 5 in Earth Magic
 10496 | D:9      | Reached skill level 5 in Poison Magic
 10496 | D:9      | Reached XP level 11. HP: 75/81 MP: 16/22
 10503 | D:9      | Reached ****** piety under Uskayaw
 10565 | D:9      | Found a shimmering blue altar of Sif Muna.
 10664 | D:9      | Found a blossoming altar of Fedhas.
 10697 | D:9      | Identified the +0 trident of Nytanic {pain, rF- Str+3}
 10811 | D:9      | Noticed a two-headed ogre
 10818 | D:9      | Killed a two-headed ogre
 11135 | D:10     | Entered Level 10 of the Dungeon
 11160 | D:10     | Noticed a two-headed ogre
 11170 | D:10     | Killed a two-headed ogre
 11277 | D:10     | Found Ypnuarr's Assorted Antiques.
 11440 | D:10     | Found a flagged portal.
 11453 | Bailey   | Entered a bailey
 11881 | Bailey   | Identified the +1 great mace of Inference {freeze, Dex+4}
 12050 | Bailey   | Reached XP level 12. HP: 91/91 MP: 24/24
 12052 | Bailey   | Identified the ring "Teptaoff" {Will+ rCorr}
 12230 | D:10     | Bought a scroll labelled HATOJO ZAFE for 26 gold pieces
 12230 | D:10     | Bought a scroll labelled FASOTE CUUKHASK for 26 gold pieces
 12506 | D:10     | Found a portal to a secret trove of treasure.
 12508 | D:10     | Found a staircase to the Orcish Mines.
 12550 | D:10     | Found a snail-covered altar of Cheibriados.
 13044 | D:11     | Noticed a two-headed ogre
 13051 | D:11     | Killed a two-headed ogre
 13105 | D:11     | Noticed Harold
 13128 | D:11     | Demolished by Harold

Illustrated notes

Levels and vault maps discovered:
D:1:      heliophobic_arrival_glass_houses, layout_basic,
          minmay_misc_feat_square
D:2:      minmay_razor_zed, layout_basic, minivault_14, hangedman_decor_growths,
          minmay_misc_feat_rugged, lemuel_flame_loot_1
D:3:      layout_loops_cross
D:4:      layout_loops_corners, serial_bayou, serial_bayou_shore_b,
          serial_bayou_lagoon_b, serial_bayou_pond_d, serial_bayou_ford_a,
          serial_bayou_lake_a, uniq_crazy_yiuf_cottage
D:5:      kennysheep_six_static_rooms, layout_loops_corners,
          lemuel_doored_altar, lemuel_mausoleum_altar_yredelemnul
D:6:      layout_gridville, cheibrodos_sewer_entry_drain,
          nicolae_ossuary_entry_plus, hangedman_abyss_or_decor_stabs
D:7:      layout_loops_cross, minmay_temple_entry_hall, serial_glass,
          glass_columns_a, glass_columns_c, minmay_misc_feat_alley
D:8:      layout_layer_cave, worldfamousw_hep_ancestral_shrine,
          hellmonk_guarded_unrand_staff_of_battle, uniq_grum, uniq_maurice,
          uniq_amaemon, uniq_prince_ribbit1, uniq_pikel
D:9:      layout_loops_ring, lemuel_blue_sif_altar, fedhas_altar_2
D:10:     layout_basic, cheibriados_altar_1, minmay_orc_entry_temple_small,
          serial_shops, nicolae_shop_temple_entry_statues_fountains,
          nicolae_trove_entry_free_sample, enter_bailey_3, nooodl_orcs_dogs
D:11:     layout_gridville, lair_entry_dummy, minmay_crystal_water,
          kb_lookout_dungeons_type, uniq_harold, uniq_nergalle
Temple:   nicolae_temple_bog_church

Skill      XL: |  1  2  3  4  5  6  7  8  9 10 11 12 |
---------------+-------------------------------------+-----
Spellcasting   | 5 6 7 8 9 |  9.0
Invocations    | 1 2 3 4 5 6 7 8 |  8.1
Fighting       | 1 2 3 5 6 7 |  7.3
Short Blades   | 1 2 3 5 6 7 |  7.3
Long Blades    | 1 2 3 5 6 7 |  7.3
Axes           | 1 2 3 5 6 7 |  7.3
Maces & Flails | 1 2 3 5 6 7 |  7.3
Polearms       | 1 2 3 5 6 7 |  7.3
Staves         | 1 2 3 5 6 7 |  7.3
Ranged Weapons | 1 2 3 5 6 7 |  7.3
Throwing       | 1 2 3 5 6 7 |  7.3
Armour         | 1 2 3 5 6 7 |  7.3
Shields        | 1 2 3 5 6 7 |  7.3
Unarmed Combat | 1 2 3 5 6 7 |  7.3
Evocations     | 1 2 3 5 6 7 |  7.3
Conjurations   | 1 2 3 4 5 6 |  6.1
Hexes          | 1 2 3 4 5 6 |  6.1
Summonings     | 1 2 3 4 5 6 |  6.1
Necromancy     | 1 2 3 4 5 6 |  6.1
Translocations | 1 2 3 4 5 6 |  6.1
Transmutations | 1 2 3 4 5 6 |  6.1
Fire Magic     | 1 2 3 4 5 6 |  6.1
Air Magic      | 1 2 3 4 5 6 |  6.1
Earth Magic    | 1 2 3 4 5 6 |  6.1
Poison Magic   | 1 2 3 4 5 6 |  6.1
Dodging        | 5 6 7 8 |  8.7
Stealth        | 5 6 7 8 |  8.5
Ice Magic      | 8 9 |  9.5

Action                     |  1- 3 |  4- 6 |  7- 9 | 10-12 || total
---------------------------+-------+-------+-------+-------++-------
  Melee: Unarmed           |     1 |       |       |       ||     1
         Dagger            |     6 |   153 |   372 |   298 ||   829
         Bite              |     1 |    13 |    58 |    40 ||   112
         Punch             |     1 |     1 |    17 |    18 ||    37
         Staff             |       |       |       |     6 ||     6
         Halberd           |       |       |       |    18 ||    18
   Cast: Freeze            |    55 |     8 |       |     1 ||    64
         Frozen Ramparts   |       |    19 |    36 |    35 ||    90
         Ozocubu's Armour  |       |    10 |    23 |    24 ||    57
         Dazzling Flash    |       |       |       |     3 ||     3
  Evoke: Wand              |       |       |       |     2 ||     2
    Use: Scroll            |       |     4 |     1 |    12 ||    17
         Potion            |       |     2 |       |       ||     2
   Stab: Sleeping          |       |     4 |     6 |    13 ||    23
         Distracted        |       |     1 |       |     1 ||     2
         Paralysed         |       |       |     2 |    19 ||    21
 Armour: Robe              |     6 |    26 |    92 |       ||   124
         Steam dragon scal |       |       |     4 |    79 ||    83
         Ice dragon scales |       |       |       |     4 ||     4
  Dodge: Dodged            |    38 |    82 |   246 |   234 ||   600

Table legend: (Time is in decaauts)
 A = Elapsed time spent in this place.
 B = Non-inter-level travel time spent in this place.
 C = Inter-level travel time spent in this place.
 D = Time resting spent in this place.
 E = Time spent auto-exploring this place.
 F = Levels seen in this place.
 G = Mean time per level.
                   A        B        C        D        E       F      G
               +--------+--------+--------+--------+--------+-----+--------+
         Total |  13068 |  12396 |    672 |    405 |   8940 |  15 |  871.2 |
       Dungeon |  11524 |  10852 |    672 |    177 |   8382 |  11 | 1047.6 |
        Temple |     18 |     18 |      0 |      0 |      0 |   1 |   18.0 |
         Sewer |    549 |    549 |      0 |    142 |    278 |   1 |  549.0 |
       Ossuary |    320 |    320 |      0 |      0 |    101 |   1 |  320.0 |
        Bailey |    655 |    655 |      0 |     86 |    178 |   1 |  655.0 |
               +--------+--------+--------+--------+--------+-----+--------+

Top non-repeatable levels by time:
     D:2: 1660 daAuts
     D:8: 1617 daAuts
     D:4: 1453 daAuts
     D:5: 1383 daAuts
    D:10: 1013 daAuts
     D:1: 941 daAuts
     D:6: 858 daAuts
     D:3: 847 daAuts
     D:7: 754 daAuts
     D:9: 722 daAuts
  Bailey: 655 daAuts
   Sewer: 549 daAuts
 Ossuary: 320 daAuts
    D:11: 272 daAuts
  Temple: 18 daAuts
